Map: Ruins of Seras

Players

SticklerMac - Winner!

  • Race: Zerg Zerg
  • League: Silver

Ooze

  • Race: Terran Terran
  • League: Silver

VOD

Have the link to the VOD?

Description

Time

  • Played on: Aug. 29, 2015, 2:48 a.m.
  • Length: 12:02
Show
View Real Time Build Order
Export as new Build Order

SticklerMac Zerg - Winner!

Build Orders: Hatch First 

Get SALT Encoding   

  12  0:01  Drone  
  13  0:09  Drone  
  14  0:18  Overlord  
  14  0:29  Extractor  
  14  0:30  Drone  
  15  0:37  Drone x2  
  17  0:57  Hatchery  
  17  1:00  Drone  
  17  1:05  Extractor  
  17  1:06  Drone  
  17  1:12  Drone  
  18  1:25  Drone  
  18  1:30  Spawning Pool  
  18  1:31  Drone  
  19  1:39  Drone  
  20  1:49  Drone  
  21  2:05  Drone  
  21  2:07  Hatchery  
  21  2:11  Drone  
  22  2:17  Metabolic Boost  
  21  2:23  Drone x2  
  21  2:27  Drone  
  24  2:31  Drone  
  24  2:36  Baneling Nest  
  24  2:47  Drone x2  
  24  2:48  Drone  
  27  2:52  Drone  
  27  2:58  Overlord  
  28  3:04  Overlord  
  28  3:14  Overlord  
  28  3:15  Queen x2  
  32  3:20  Queen  
  32  3:25  Zergling x4  
  36  3:27  Zergling x2  
  36  3:30  Drone  
  36  3:31  Drone  
  39  3:39  Drone x3  
  39  3:41  Drone  
  43  3:46  Overlord  
  43  3:48  Overlord  
  43  3:52  Zergling x2  
  44  4:00  Drone x2  
  46  4:03  Drone  
  47  4:12  Zergling x4  
  49  4:19  Zergling x6  
  49  4:23  Zergling x4  
  49  4:24  Zergling x4  
  56  4:33  Zergling x6  
  56  4:34  Zergling x4  
  61  4:40  Zergling x4  
  61  4:42  Queen  
  66  4:45  Zergling x2  
  66  4:48  Hatchery  
  66  4:50  Zergling x2  
  66  4:56  Zergling x6  
  66  4:57  Zergling x6  
  72  5:04  Zergling x4  
  74  5:08  Overlord x3  
  74  5:24  Baneling  
  74  5:25  Baneling x18  
  74  5:26  Zergling x4  
  74  5:27  Zergling x6  
  74  5:28  Zergling x2  
  80  5:29  Zergling x2  
  80  5:34  Zergling x4  
  80  5:35  Zergling x4  
  85  5:37  Zergling x2  
  70  5:58  Zergling x2  
  70  5:59  Zergling x18  
  69  6:04  Zergling x4  
  69  6:05  Zergling x2  
  70  6:19  Zergling x4  
  70  6:20  Zergling x4  
  70  6:25  Baneling x3  
  72  6:26  Zergling x2, Baneling  
  72  6:27  Zergling x6  
  72  6:29  Baneling  
  72  6:30  Baneling x2  
  76  6:34  Drone x4  
  76  6:35  Drone x2  
  76  6:37  Drone  
  83  6:41  Extractor  
  83  6:43  Extractor  
  83  6:44  Extractor  
  80  6:48  Drone x3  
  81  6:57  Baneling x3  
  81  7:02  Drone x3  
  81  7:03  Drone  
  85  7:11  Drone x3  
  85  7:12  Drone  
  85  7:14  Drone x3  
  92  7:17  Drone  
  92  7:20  Baneling  
  92  7:21  Baneling x5  
  93  7:33  Drone x5  
  98  7:37  Extractor  
  98  7:38  Drone x4  
  98  7:39  Extractor  
  98  7:41  Baneling  
  98  7:42  Baneling x8  
  100  7:50  Lair  
  100  7:55  Spore Crawler  
  100  7:56  Spore Crawler  
  100  7:58  Spore Crawler x2  
  96  8:00  Spore Crawler  
  96  8:01  Drone x2  
  96  8:02  Drone  
  96  8:04  Drone x2  
  100  8:06  Drone x4  
  104  8:15  Baneling  
  104  8:16  Baneling x11  
  104  8:18  Overlord x5  
  104  8:19  Overlord  
  90  8:49  Zergling x2  
  90  8:50  Zergling x24  
  87  9:09  Spire  
  86  9:17  Drone  
  87  10:03  Zergling x2  
  87  10:04  Drone  
  87  10:06  Drone, Zergling x2  
  91  10:23  Mutalisk  
  91  10:24  Mutalisk x17  
  91  10:25  Mutalisk  
  129  10:29  Zergling x2  
  129  10:30  Zergling x36  
  134  10:57  Mutalisk x4  
  134  11:00  Zergling x2  
  134  11:01  Zergling x14  
  149  11:19  Extractor  
  149  11:23  Hatchery  
  149  11:25  Mutalisk x2, Zergling x2  
  152  11:35  Hatchery  
  152  11:37  Baneling x12  
  150  11:40  Zergling x2  
Show
View Real Time Build Order
Export as new Build Order

Ooze Terran 

Build Orders:  

Get SALT Encoding   

  12  0:01  SCV  
  13  0:16  SCV  
  14  0:31  Supply Depot  
  14  0:34  SCV  
  15  0:54  Barracks  
  15  1:09  Command Center  
  15  1:14  SCV  
  16  1:22  Refinery  
  16  1:27  SCV  
  17  1:38  Engineering Bay  
  17  1:39  SCV  
  18  1:42  Marine  
  19  1:51  SCV  
  20  2:00  Supply Depot  
  20  2:03  SCV  
  21  2:11  Marine  
  22  2:29  SCV x2, Marine  
  25  2:36  Supply Depot  
  25  2:41  SCV x2  
  27  2:46  Barracks  
  27  2:59  Refinery  
  27  3:07  Barracks Tech Lab  
  27  3:10  SCV x2  
  29  3:22  Factory, Orbital Command  
  29  3:56  Combat Shields  
  29  3:59  Refinery  
  29  4:00  SCV, Refinery  
  31  4:06  Marine  
  31  4:11  Planetary Fortress  
  31  4:12  SCV  
  31  4:23  Supply Depot  
  31  4:29  Barracks  
  31  4:31  Marine x2  
  33  4:48  Marine  
  33  4:49  Marine  
  35  4:56  Supply Depot  
  35  4:59  SCV x2  
  36  5:06  Marine  
  37  5:11  SCV x2  
  37  5:12  Marauder  
  40  5:23  SCV x2  
  40  5:26  Barracks Tech Lab  
  43  5:35  SCV x2  
  44  5:47  SCV  
  44  5:48  SCV  
  46  5:50  Barracks Tech Lab  
  46  5:59  Marine  
  45  6:11  Barracks  
  45  6:12  Supply Depot  
  45  6:17  Marine  
  44  6:27  Hellion  
  46  6:34  SCV  
  46  6:35  Marine  
  46  6:37  Supply Depot  
  46  6:39  Supply Depot  
  48  6:40  Supply Depot  
  48  6:46  SCV  
  49  6:49  Hellion  
  49  6:52  Marine  
  50  6:58  SCV  
  51  7:05  Terran Infantry Armor Level 1  
  51  7:10  SCV, Marine  
  51  7:12  Starport  
  55  7:15  Marauder  
  55  7:22  SCV  
  56  7:29  Marauder  
  58  7:36  Supply Depot  
  58  7:37  Marauder x2  
  62  7:41  Starport  
  62  7:43  Command Center  
  62  7:44  SCV x2  
  63  7:50  Marauder  
  66  7:51  Starport Reactor  
  66  7:58  Concussive Shells, Marauder x2  
  72  8:13  Marauder  
  72  8:20  Engineering Bay  
  72  8:23  Medivac  
  74  8:30  Marauder  
  74  8:34  Marauder, Medivac x2  
  73  8:53  Medivac  
  75  9:00  Marine, Marauder  
  72  9:09  Barracks  
  72  9:16  Barracks  
  72  9:18  Marine  
  72  9:21  Marauder  
  75  9:36  Marine  
  76  9:42  Marauder  
  78  9:46  Supply Depot  
  78  9:47  Medivac  
  80  9:57  Marine x2  
  82  10:03  Supply Depot, Marine  
  82  10:04  Marine  
  84  10:08  Terran Infantry Weapons Level 1  
  84  10:14  Armory, Medivac x2  
  86  10:15  Marine x2  
  86  10:17  Medivac  
  92  10:22  Marine, Marauder  
  95  10:33  Marine  
  96  10:43  Marine  
  96  10:44  Medivac, Marine x2  
  101  10:51  Marine  
  95  10:57  Missile Turret  
  95  11:01  Missile Turret, Marine x2  
  95  11:02  Marine  
  79  11:06  Missile Turret  
  79  11:09  Marine  
  80  11:11  Missile Turret x2  
  80  11:19  Marine x3  
  83  11:26  Marine  
  84  11:35  Missile Turret  
  84  11:37  Marine x3  
  86  11:44  Marine  
Tags
 
Add a new tag
Caveats
  • Supply blocks, unpowered buildings, or Contaminate may cause inaccurate times.
  • Supply counts are checked every 10 seconds.